 Dungeon Crawl Stone Soup version 0.25.1-8-g42b30a86e7 (webtiles) character file.

Game seed: 3481704259739545998

557 funkygono the Shield-Bearer (level 7, -1/47 HPs)
             Began as a Gargoyle Fighter on Dec 10, 2020.
             Slain by a shadow (18 damage)
             ... on level 6 of the Dungeon.
             The game lasted 00:06:30 (2670 turns).

funkygono the Shield-Bearer (Gargoyle Fighter)      Turns: 2670, Time: 00:06:30

Health: -1/47      AC: 16    Str: 28    XL:     7   Next: 30%
Magic:  7/7        EV:  8    Int: 14    God:
Gold:   139        SH: 11    Dex:  9    Spells: 6/6 levels left

rFire    . . .     SeeInvis .   a - +0 flail
rCold    . . .     Gourm    .   c - +0 kite shield
rNeg     + . .     Faith    .   g - +0 chain mail
rPois    ∞         Spirit   .   (no helmet)
rElec    +         Reflect  .   (no cloak)
rCorr    .         Harm     .   r - +0 pair of gloves
MR       .....                  (no boots)
Stlth    ..........             u - amulet of regeneration
HPRegen  0.55/turn              q - +6 ring of strength
MPRegen  0.10/turn              j - +6 ring of intelligence

@: no status effects
A: negative energy resistance 1, electricity resistance, unbreathing,
petrification resistance, rot immunity, AC +4
a: no special abilities


You were on level 6 of the Dungeon.
You were not hungry.

You visited 1 branch of the dungeon, and saw 4 of its levels.

You collected 139 gold pieces.

Inventory:

Hand Weapons
 a - a +0 flail (weapon)
 b - a +0 hunting sling
Missiles
 e - 14 sling bullets
 h - 114 stones (quivered)
Armour
 c - a +0 kite shield (worn)
 g - a +0 chain mail (worn)
 k - a +0 scale mail
 r - a +0 pair of gloves (worn)
 w - a +1 ring mail of poison resistance
 x - the +1 robe of Qifed {Int+5, unknown}
   (You found it on level 6 of the Dungeon)

   It affects your intelligence (+5).
Jewellery
 j - a +6 ring of intelligence (right hand)
 q - a +6 ring of strength (left hand)
 u - an amulet of regeneration (around neck)
Wands
 s - a wand of random effects (6)
Scrolls
 m - a scroll of fear
 n - a scroll of magic mapping
 y - a scroll of identify
Potions
 d - a potion of might
 l - a potion of stabbing {unknown}
 o - a potion of invisibility
 p - 2 potions of haste {unknown}
 t - a potion of degeneration {unknown}
 v - a potion of curing {unknown}
Comestibles
 f - 7 rations
 i - 4 chunks of flesh


   Skills:
 * Level 6.4 Fighting
 * Level 5.9 Maces & Flails
 * Level 0.7 Slings
 * Level 6.6 Armour
 * Level 4.0 Dodging
 * Level 6.8 Shields


You had 6 spell levels left.
You didn't know any spells.
Your spell library was empty.

Dungeon Overview and Level Annotations

Branches:
Dungeon (3/15)

Altars:
Elyvilon
Zin


Innate Abilities, Weirdness & Mutations

You are resistant to torment.
Your stone body is resilient. (AC +4)
You are immune to poison.
You resist negative energy. (rN+)
You are resistant to electric shocks. (rElec)
You can survive without breathing.
You are immune to petrification.
You are immune to rotting.


Message History

You hit the shadow.
The shadow is moderately damaged.
The shadow barely misses you.
You closely miss the shadow.
The shadow is moderately damaged.
You block the shadow's attack. x2
You hit the shadow.
The shadow is heavily damaged.
You block the shadow's attack.
You hit the shadow but do no damage.
The shadow is heavily damaged.
The shadow hits you!
You closely miss the shadow.
The shadow is heavily damaged.
The shadow slips into darkness.
The shadow flickers and vanishes!
Deactivating autopickup; reactivate with Ctrl-A.
You hit something.
The shadow strikes at you from the darkness!
You die...

######.# #.{((..#
#@# #.# #.#
#.################
#.................
##################


There were no monsters in sight!

Vanquished Creatures
  A centaur (D:6)
  A wyvern zombie (D:6)
  A howler monkey (D:6)
  A centaur zombie (D:3)
  A jelly (D:6)
  A centaur skeleton (D:3)
  Jessica (D:2)
  Natasha (thrice) (D:2)
  6 adders
  2 oozes
  3 worms
  3 leopard geckos (D:1)
  7 orcs (D:3)
  13 bats
  A giant cockroach (D:1)
  4 goblins
  7 hobgoblins
  5 jackals (D:2)
  7 kobolds
  A quokka (D:2)
  5 frilled lizards
  5 rats
79 creatures vanquished.

Notes
Turn   | Place    | Note
-------+----------+-------------------------------------------
     0 | D:1      | funkygono the Gargoyle Fighter began the quest for the Orb.
     0 | D:1      | Reached XP level 1. HP: 14/14 MP: 1/1
   236 | D:1      | Reached XP level 2. HP: 19/19 MP: 2/2
   512 | D:1      | Reached XP level 3. HP: 20/23 MP: 3/3
  1149 | D:1      | Reached skill level 5 in Maces & Flails
  1149 | D:1      | Reached XP level 4. HP: 32/32 MP: 4/4
  1243 | D:2      | Noticed Jessica
  1263 | D:2      | Killed Jessica
  1263 | D:2      | Reached XP level 5. HP: 36/36 MP: 5/5
  1485 | D:2      | Noticed Natasha
  1491 | D:2      | Killed Natasha
  1710 | D:2      | Noticed Natasha
  1722 | D:2      | Killed Natasha
  1809 | D:2      | Found a white marble altar of Elyvilon.
  1852 | D:2      | Noticed Natasha
  1865 | D:2      | Killed Natasha
  2011 | D:3      | Reached XP level 6. HP: 37/41 MP: 6/6
  2311 | D:3      | Found a glowing silver altar of Zin.
  2455 | D:3      | You fall into a shaft and drop 3 floors!
  2505 | D:6      | Got a wizard robe
  2568 | D:6      | Reached XP level 7. HP: 40/47 MP: 7/7
  2652 | D:6      | Noticed a shadow
  2670 | D:6      | Slain by a shadow

Illustrated notes

Levels and vault maps discovered:
D:1:      dpeg_arrival_boxorama, layout_loops_ring, minmay_stone_trees_small,
          hangedman_decor_clover_reticule
D:2:      layout_rooms, first_ration, elyvilon_altar_4, uniq_jessica,
          uniq_natasha
D:3:      layout_rooms, lemuel_coloured_pillars_altar
D:6:      layout_basic

Skill      XL: |  1  2  3  4  5  6 |
---------------+-------------------+-----
Fighting       | 6 |  6.4
Maces & Flails | 5 |  5.9
Armour         | 6 |  6.6
Dodging        | 3 4 |  4.0
Shields        | 6 |  6.8
Slings         | |  0.7

Action                   |  1- 3 |  4- 6 |  7- 9 || total
-------------------------+-------+-------+-------++-------
Melee: Mace              |    99 |    96 |       ||   195
       Flail             |    10 |    74 |    13 ||    97
 Fire: Hunting sling     |       |    53 |     9 ||    62
Throw: Stone             |       |     1 |       ||     1
  Use: Scroll            |     6 |     2 |       ||     8
       Potion            |     1 |       |       ||     1
  Eat: Chunk             |     1 |     5 |       ||     6
Armor: Chain mail        |    29 |    12 |     5 ||    46
       Leather armour    |    41 |    49 |       ||    90
Dodge: Dodged            |    38 |    74 |     3 ||   115
Block: Kite shield       |    68 |   112 |    13 ||   193
